 Dungeon Crawl Stone Soup version 0.21.1-1-g345015fe64 (webtiles) character file.

223 Jannitor the Ruffian (level 6, 0/38 HPs)
             Began as a Tengu Chaos Knight on Apr 22, 2018.
             Succumbed to a scorpion's poison
             ... on level 3 of the Dungeon.
             The game lasted 00:06:52 (3008 turns).

Jannitor the Ruffian (Tengu Chaos Knight)           Turns: 3008, Time: 00:06:53

Health: 0/38       AC:  7    Str: 16    XL:     6   Next: 0%
Magic:  5/7        EV: 14    Int: 13    God:    Xom [..*...]
Gold:   107        SH:  0    Dex: 10    Spells: 5/5 levels left

rFire    . . .     SeeInvis .     - Unarmed
rCold    . . .     Gourm    .   (no shield)
rNeg     . . .     Faith    .   a - +2 leather armour
rPois    .         Spirit   .   (helmet restricted)
rElec    .         Reflect  .   (no cloak)
rCorr    .         Harm     .   (no gloves)
MR       +....     Clarity  +   (boots unavailable)
Stlth    +.........             (no amulet)
HPRegen  0.12/turn              c - ring of protection from magic
MPRegen  0.10/turn              d - -3 ring of dexterity (curse)

@: lethally poisoned (0 -> -14), flying quickly and evasively, very slightly
contaminated, hasted, very quick
A: beak, talons 3, yellow scales 1, clarity, mutation resistance 1, strong 1,
able to fly 1
a: Renounce Religion


You were on level 3 of the Dungeon.
You worshipped Xom.
You were a toy of Xom.
You were not hungry.

You visited 1 branch of the dungeon, and saw 4 of its levels.
You also visited: Sewer.

You collected 107 gold pieces.

Inventory:

Armour
 a - a +2 leather armour (worn)
Jewellery
 c - a ring of protection from magic (left hand)
 d - a cursed -3 ring of dexterity (right hand)
 m - an uncursed ring of flight
Wands
 j - a wand of acid (12)
 k - a wand of polymorph (16)
Scrolls
 g - 2 scrolls of identify
 h - a scroll of amnesia
 o - a scroll of teleportation
 q - a scroll of fear
Potions
 e - a potion of lignification
Books
 i - a book of the Sky

   Spells                             Type                      Level
   a - Summon Lightning Spire         Summoning/Air                4
   b - Silence                        Hexes/Air                    5
   c - Deflect Missiles               Charms/Air                   6
   d - Conjure Ball Lightning         Conjuration/Air              6
   e - Tornado                        Air                          9
Comestibles
 b - 6 rations


   Skills:
 + Level 4.1 Fighting
 - Level 2.1 Armour
 + Level 3.1 Dodging
 * Level 5.5 Unarmed Combat


You had 5 spell levels left.
You didn't know any spells.

Dungeon Overview and Level Annotations

Branches:
Dungeon (4/15)
 Temple: D:4-7

Altars:
Xom


Innate Abilities, Weirdness & Mutations

You have a beak for a mouth.
You have claws for feet.
You can fly.
You are partially covered in yellow scales. (AC +2)
You possess an exceptional clarity of mind.
You are somewhat resistant to further mutation.
Your muscles are strong. (Str +2)


Message History

You fly upwards.
* * * LOW HITPOINT WARNING * * *
You feel sick.
There is a stone staircase leading down here.
Unknown command.
Unknown command.
You feel yourself speed up.
* * * LOW HITPOINT WARNING * * *
You feel sick. The scorpion stings you.
* * * LOW HITPOINT WARNING * * *
* * * LOW HITPOINT WARNING * * *
You feel sick.
* * * LOW HITPOINT WARNING * * *
You feel sick.
There is an open door here.
* * * LOW HITPOINT WARNING * * *
You feel sick.
As you close the door, it creaks loudly!
You die...
Xom roars with laughter!

##.......# #.......#
#.......# #..###### #
#.># ####### ##.#
......# #s# .....##
#####+##### .≈≈..#
#....@....# ≈..≈.##
#.........# ≈..≈≈≈##
#.........# .≈..≈≈≈#
#)........#
.≈...≈≈#####.).......#
..≈..≈≈#...'.........#
..≈..≈≈#^###.........#
[≈...≈##.# #.........#
....(###.# #§§§§.....#


There were no monsters in sight!

Vanquished Creatures
  A bullfrog (Sewer)
  A river rat (D:3)
  5 adders
  2 oozes
  2 dart slugs (D:1)
  4 leopard geckos
  An orc (D:3)
  5 ball pythons
  9 giant cockroaches
  8 goblins
  7 hobgoblins
  7 jackals
  5 kobolds
  2 quokkas (D:2)
  13 bats
  8 frilled lizards
  10 rats
90 creatures vanquished.

Notes
Turn   | Place    | Note
-------+----------+-------------------------------------------
     0 | D:1      | Jannitor the Tengu Chaos Knight began the quest for the Orb.
     0 | D:1      | Reached XP level 1. HP: 14/14 MP: 2/2
     9 | D:1      | XOM: harmless Chrm miscast
    27 | D:1      | Reached XP level 2. HP: 16/19 MP: 3/3
    76 | D:1      | XOM: 11-stop teleportation journey
   278 | D:1      | Reached skill level 4 in Unarmed Combat
   278 | D:1      | Reached XP level 3. HP: 23/23 MP: 4/4
   437 | D:1      | XOM: summons 1 hostile shadow creature
   815 | D:1      | XOM: give mutations
   815 | D:1      | Gained mutation: You are somewhat resistant to further mutation. [Xom's grace]
   815 | D:1      | Gained mutation: You are partially covered in yellow scales. (AC +2) [Xom's grace]
   815 | D:1      | Gained mutation: Your muscles are strong. (Str +2) [Xom's grace]
   815 | D:1      | Gained mutation: You possess an exceptional clarity of mind. [Xom's grace]
   879 | D:1      | XOM is BORED!
   879 | D:1      | XOM: mild Tloc miscast
   880 | D:1      | Noticed a spatial vortex
  1050 | D:2      | Found a shimmering altar of Xom.
  1358 | D:2      | Reached XP level 4. HP: 28/28 MP: 5/5
  1625 | D:3      | XOM: polymorph orc -> river rat
  1632 | D:3      | XOM: swap monsters
  1710 | D:3      | XOM: enchant monster (bad)
  1776 | D:3      | XOM: scenery: create altars
  2000 | D:3      | Found a glowing drain.
  2022 | D:3      | Gained mutation: You can fly. [Tengu growth]
  2022 | D:3      | Reached XP level 5. HP: 33/33 MP: 6/6
  2049 | Sewer    | Entered a sewer
  2058 | Sewer    | XOM: god gift: scroll of amnesia
  2064 | Sewer    | Reached skill level 5 in Unarmed Combat
  2245 | Sewer    | XOM: god gift: ration
  2973 | D:3      | Reached XP level 6. HP: 38/38 MP: 7/7
  3007 | D:3      | HP: 1/38 [poisoned by a scorpion]
  3008 | D:3      | Succumbed to a scorpion's poison

Skill      XL: |  1  2  3  4  5 |
---------------+----------------+-----
Unarmed Combat | 4 5 |  5.5
Dodging        | 2 3 |  3.1
Fighting       | 4 |  4.1
Armour         | |  2.1

Action                   |  1- 3 |  4- 6 || total
-------------------------+-------+-------++-------
Melee: Unarmed           |    85 |   138 ||   223
       Peck              |     6 |    15 ||    21
       Kick              |    10 |    15 ||    25
       Punch             |       |     2 ||     2
 Abil: Evoke Flight      |       |     1 ||     1
       Fly               |       |     7 ||     7
  Use: Scroll            |       |     8 ||     8
       Potion            |       |     4 ||     4
  Eat: Chunk             |     1 |     7 ||     8
Armor: Leather armour    |    26 |    51 ||    77
       Skin              |       |    31 ||    31
Dodge: Dodged            |    50 |    90 ||   140
